 Dungeon Crawl Stone Soup version 0.30-a0-728-gc68057be0a (webtiles) character file.

Game seed: 7272922084730126723

581 funkygono the Cudgeller (level 7, -3/44 HPs)
             Began as a Gargoyle Fighter on Jan 30, 2023.
             Was an Initiate of Okawaru.
             Slain by Edmund
             ... wielding a +4 dire flail of draining
              (6 damage)
             ... on level 5 of the Dungeon.
             The game lasted 00:05:45 (3607 turns).

funkygono the Cudgeller (Gargoyle Fighter)          Turns: 3607, Time: 00:05:46

Health: -3/44      AC: 15    Str: 21    XL:     7   Next: 36%
Magic:  7/7        EV: 12    Int:  9    God:    Okawaru [......]
Gold:   219        SH:  4    Dex:  9    Spells: 3/6 levels left

rFire   . . .      SeeInvis .    u - +2 flail (holy)
rCold   . . .      Faith    .    c - +0 buckler
rNeg    + . .      Spirit   .    m - +0 chain mail
rPois   ∞          Reflect  .    (no helmet)
rElec   +          Harm     .    (no cloak)
rCorr   .          Rampage  .    (no gloves)
Will    .....                    f - +0 pair of boots Stlth
                                 (no amulet)
HPRegen 0.27/turn                g - +5 ring of evasion
MPRegen 0.10/turn                (no ring)

@: mighty
A: sickness immunity, AC +4, negative energy resistance 1, electricity
resistance, torment resistance 1, petrification resistance
a: Renounce Religion


You were on level 5 of the Dungeon.
You worshipped Okawaru.
Okawaru was noncommittal.
You visited 2 branches of the dungeon, and saw 6 of its levels.

You collected 219 gold pieces.

Inventory:

Hand Weapons
 a - a +0 flail
 u - a +2 flail of holy wrath (weapon)
 w - a +0 whip
Armour
 b - a +0 scale mail
 c - a +0 buckler (worn)
 f - a +0 pair of boots (worn)
 m - a +0 chain mail (worn)
Jewellery
 g - a +5 ring of evasion (left hand)
Wands
 x - a wand of mindburst (9)
 z - a wand of flame (12)
Scrolls
 j - 3 scrolls of teleportation {unknown}
 n - a scroll of vulnerability {unknown}
 o - a scroll of immolation {unknown}
 p - 4 scrolls of identify {unknown}
 r - a scroll of enchant weapon {unknown}
 s - 2 scrolls of fog {unknown}
 t - 2 scrolls of brand weapon {unknown}
 v - a scroll of magic mapping {unknown}
 y - a scroll of poison {unknown}
Potions
 e - a potion of curing
 h - 4 potions of heal wounds {unknown}
 i - a potion of brilliance {unknown}
 k - a potion of degeneration {unknown}
 l - a potion of haste {unknown}
 q - a potion of flight {unknown}


   Skills:
 + Level 4.7 Fighting
 + Level 5.5 Maces & Flails
 + Level 5.0 Armour
 + Level 1.1 Dodging
 + Level 4.2 Shields


You had 3 spell levels left.
You knew the following spells:

 Your Spells              Type           Power      Damage    Failure   Level
a - Stone Arrow           Conj/Erth      0%         3d7       100%        3

Your spell library contained the following spells:

 Spells                   Type           Power      Damage    Failure   Level
 Portal Projectile        Hex/Tloc       0%         N/A       100%        3
 Blade Hands              Tmut           0%         N/A       100%        5
 Lehudib's Crystal Spear  Conj/Erth      0%         10d2      100%        8
 Tukima's Dance           Hex            Unusable   N/A       N/A         3
 Animate Armour           Summ/Erth      Unusable   N/A       N/A         4

Dungeon Overview and Level Annotations

Branches:
Dungeon (5/15)             Temple (1/1) D:4

Altars:
Ashenzari
Cheibriados
Dithmenos
Elyvilon
Fedhas
Gozag
Hepliaklqana
Kikubaaqudgha
Makhleb
Nemelex Xobeh
Okawaru
Qazlal
Ru
Sif Muna
Trog
Uskayaw
Vehumet
Wu Jian
Yredelemnul
The Shining One

Annotations:
D:5 Edmund


Innate Abilities, Weirdness & Mutations

You are immune to sickness and miasma.
Your stone body is resilient. (AC +4)
You are immune to poison.
You resist negative energy. (rN+)
You are resistant to electric shocks. (rElec)
You are resistant to unholy torment.
You are immune to petrification.


Message History

Edmund barely misses you.
You hit Edmund.
Edmund is lightly wounded.
Edmund asks, "Have you met my wondrous brother?"
Edmund hits you with a +4 dire flail of draining.
You hit Edmund but do no damage.
Edmund is lightly wounded.
Edmund closely misses you.
You hit Edmund but do no damage.
Edmund is lightly wounded.
Edmund hits you with a +4 dire flail of draining!
You hit Edmund but do no damage.
Edmund is lightly wounded.
Edmund hits you but does no damage.
You closely miss Edmund.
Edmund is lightly wounded.
Edmund hits you with a +4 dire flail of draining.
You block Edmund's attack.
You closely miss Edmund.
Edmund is lightly wounded.
Edmund hits you with a +4 dire flail of draining!
* * * LOW HITPOINT WARNING * * *
You hit Edmund but do no damage.
Edmund is lightly wounded.
Edmund closely misses you.
You feel better. Edmund misses you.
You feel very mighty all of a sudden.
Edmund hits you with a +4 dire flail of draining.
You barely miss Edmund.
Edmund is lightly wounded.
Edmund hits you but does no damage.
You sock Edmund!
Edmund is moderately wounded.
Edmund hits you with a +4 dire flail of draining!
* * * LOW HITPOINT WARNING * * *
You hit Edmund.
Edmund is heavily wounded.
Edmund hits you but does no damage.
Edmund hits you with a +4 dire flail of draining.
You die...

> .# ###.
#... ##..#
#..# #@#
#.@)†.#
.........:.
##.....###.##
#.##### # #.
. #


You could see Edmund.

Vanquished Creatures
  Sigmund (D:4)
  An ogre (D:4)
  Blork the orc (D:4)
  A scorpion (D:4)
  A hound (D:5)
  An orc priest (D:4)
  5 adders
  An ufetubus (D:4)
  3 dart slugs
  10 orcs
  10 ball pythons
  6 endoplasms
  3 giant cockroaches
  5 hobgoblins
  3 jackals (D:1)
  A quokka (D:3)
  4 bats
  4 frilled lizards
  12 goblins
  8 kobolds
  10 rats
91 creatures vanquished.

Notes
Turn   | Place    | Note
-------+----------+-------------------------------------------
     0 | D:1      | funkygono the Gargoyle Fighter began the quest for the Orb.
     0 | D:1      | Reached XP level 1. HP: 14/14 MP: 1/1
   112 | D:1      | Reached XP level 2. HP: 19/19 MP: 2/2
   446 | D:1      | Found a faded altar of an unknown god.
   520 | D:1      | Reached XP level 3. HP: 24/24 MP: 3/3
  1240 | D:2      | Reached XP level 4. HP: 26/29 MP: 4/4
  1248 | D:2      | Learned a level 3 spell: Stone Arrow
  2241 | D:3      | Found an opulent altar of Gozag.
  2447 | D:4      | Noticed a scorpion
  2457 | D:4      | Killed a scorpion
  2458 | D:4      | Reached XP level 5. HP: 30/33 MP: 5/5
  2626 | D:4      | Noticed Blork the orc
  2636 | D:4      | Killed Blork the orc
  2637 | D:4      | Reached XP level 6. HP: 13/38 MP: 6/6
  2810 | D:4      | Found a bloodstained altar of Trog.
  2820 | D:4      | Noticed Sigmund
  2832 | D:4      | Killed Sigmund
  2833 | D:4      | Reached skill level 5 in Maces & Flails
  2833 | D:4      | Reached skill level 1 in Dodging
  2833 | D:4      | Reached XP level 7. HP: 16/44 MP: 7/7
  3056 | D:4      | Found a staircase to the Ecumenical Temple.
  3065 | Temple   | Entered the Ecumenical Temple
  3090 | Temple   | Became a worshipper of Warmaster Okawaru
  3500 | D:4      | Reached skill level 5 in Armour
  3581 | D:5      | Entered Level 5 of the Dungeon
  3581 | D:5      | Noticed Edmund
  3607 | D:5      | Slain by Edmund

Illustrated notes

Levels and vault maps discovered:
D:1:      roderic_octagonal_star, layout_loops_cross,
          hellmonk_ecumenical_altar_heavens_door, minmay_tall_x
D:2:      layout_loops_ring
D:3:      minmay_recursive_quarters, layout_loops_ring, grunt_gozag_statues
D:4:      layout_loops_cross, old_standard_altar, lemuel_temple_firewalk_b,
          uniq_blork_the_orc, uniq_sigmund
D:5:      nicolae_cairo_tiling_large, layout_rooms,
          grunt_temple_overflow_order_and_chaos_1, gup_sewer_entry_bowl,
          uniq_edmund, uniq_grinder
Temple:   regret_index_temple_mists

Skill      XL: |  1  2  3  4  5  6  7 |
---------------+----------------------+-----
Maces & Flails | 3 4 5 |  5.5
Armour         | 4 5 |  5.0
Fighting       | 4 |  4.7
Dodging        | 1 |  1.1
Shields        | 4 |  4.2

Action                     |  1- 3 |  4- 6 |  7- 9 || total
---------------------------+-------+-------+-------++-------
  Melee: Flail             |   172 |   146 |    53 ||   371
    Use: Potion            |       |       |     2 ||     2
 Armour: Scale mail        |    89 |       |       ||    89
         Chain mail        |    32 |    61 |    14 ||   107
  Dodge: Dodged            |   104 |    78 |    23 ||   205
  Block: Buckler           |    38 |    22 |    15 ||    75

Table legend: (Time is in decaauts)
 A = Elapsed time spent in this place.
 B = Non-inter-level travel time spent in this place.
 C = Inter-level travel time spent in this place.
 D = Time resting spent in this place.
 E = Time spent auto-exploring this place.
 F = Levels seen in this place.
 G = Mean time per level.
                   A        B        C        D        E       F      G
               +--------+--------+--------+--------+--------+-----+--------+
         Total |   3749 |   3566 |    183 |     93 |   2555 |   6 |  624.8 |
       Dungeon |   3583 |   3414 |    169 |     93 |   2431 |   5 |  716.6 |
        Temple |    166 |    153 |     13 |      0 |    124 |   1 |  166.0 |
               +--------+--------+--------+--------+--------+-----+--------+

Top non-repeatable levels by time:
     D:4: 1038 daAuts
     D:1: 899 daAuts
     D:3: 812 daAuts
     D:2: 803 daAuts
  Temple: 166 daAuts
     D:5: 29 daAuts
